Map: Big Great Hunters (no limit units)

Players

Artemius - Winner!

  • Race: Zerg Zerg
  • Spawn Location: 1:00

GRGICI - Winner!

  • Race: Protoss Protoss
  • Spawn Location: 11:00

Wikkij - Winner!

  • Race: Terran Terran
  • League: Silver
  • Spawn Location: 5:00

RICCO

  • Race: Protoss Protoss
  • Spawn Location: 7:00

sirjohn

  • Race: Terran Terran
  • League: Gold
  • Spawn Location: 12:00

Wolf

  • Race: Protoss Protoss
  • Spawn Location: 6:00

Gracz - Winner!

  • Race: Protoss Protoss
  • Spawn Location: 9:00

dewd

  • Race: Zerg Zerg
  • League: Diamond
  • Spawn Location: 3:00

VOD

Have the link to the VOD?

Description

Time

  • Played on: Feb. 27, 2016, 5:25 a.m.
  • Length: 14:23
Show
View Real Time Build Order
Export as new Build Order

Artemius Zerg - Winner!

Build Orders: Pool Only 

Get SALT Encoding   

    0:00  Drone x3  
    0:22  Drone  
    0:23  Drone x2  
    0:24  Spawning Pool  
    0:51  Extractor x2  
    0:54  Extractor  
    0:56  Extractor, Drone x2  
    0:57  Drone  
    0:58  Extractor  
    1:04  Extractor  
    1:31  Drone x3  
    1:39  Drone x2  
    1:40  Drone  
    1:46  Drone x2  
    1:53  Drone x3  
    1:59  Drone  
    2:25  Queen  
    3:33  Drone  
    3:34  Drone  
    3:41  Lair  
    3:54  Zergling x2  
    4:01  Zergling x2  
    4:02  Zergling x4  
    5:25  Hydralisk Den  
    6:23  Hydralisk  
    6:24  Hydralisk x3  
    6:25  Hydralisk  
    6:36  Lurker Den  
    6:58  Hydralisk  
    6:59  Hydralisk x2  
Show
View Real Time Build Order
Export as new Build Order

GRGICI Protoss - Winner!

Build Orders: Dark Templar Rush 

Get SALT Encoding   

    0:00  Probe x6 (Chrono Boost)  
    0:01  Probe (Chrono Boost)  
    0:03  Probe (Chrono Boost)  
    0:09  Probe (Chrono Boost)  
    0:10  Probe (Chrono Boost)  
    0:12  Probe (Chrono Boost)  
    0:13  Probe (Chrono Boost)  
    0:19  Probe (Chrono Boost)  
    0:20  Probe (Chrono Boost)  
    0:25  Probe (Chrono Boost)  
    0:26  Probe (Chrono Boost)  
    0:27  Probe (Chrono Boost)  
    0:28  Probe (Chrono Boost)  
    0:33  Probe (Chrono Boost)  
    0:34  Probe (Chrono Boost)  
    0:37  Probe (Chrono Boost)  
    0:38  Probe (Chrono Boost)  
    0:42  Probe (Chrono Boost)  
    0:43  Probe (Chrono Boost)  
    0:45  Probe (Chrono Boost)  
    0:46  Probe (Chrono Boost)  
    0:49  Probe (Chrono Boost)  
    0:50  Probe (Chrono Boost)  
    0:53  Probe (Chrono Boost)  
    0:54  Probe x2 (Chrono Boost)  
    0:56  Probe (Chrono Boost)  
    1:00  Probe (Chrono Boost)  
    1:22  Pylon  
    1:29  Pylon  
    1:30  Probe (Chrono Boost)  
    1:31  Probe x2 (Chrono Boost)  
    1:32  Gateway, Probe (Chrono Boost)  
    1:37  Probe (Chrono Boost)  
    1:38  Forge, Probe x2 (Chrono Boost)  
    1:41  Probe (Chrono Boost)  
    1:42  Probe x2 (Chrono Boost)  
    1:45  Probe (Chrono Boost)  
    1:46  Probe (Chrono Boost)  
    1:47  Probe (Chrono Boost)  
    1:50  Probe x2 (Chrono Boost)  
    1:51  Probe (Chrono Boost)  
    1:54  Probe (Chrono Boost)  
    1:55  Probe (Chrono Boost)  
    1:56  Probe (Chrono Boost)  
    1:59  Probe x2 (Chrono Boost)  
    2:00  Probe (Chrono Boost)  
    2:17  Assimilator  
    2:21  Assimilator  
    2:29  Assimilator  
    2:34  Assimilator  
    2:40  Assimilator  
    2:45  Assimilator  
    2:59  Cybernetics Core  
    3:11  Zealot (Chrono Boost)  
    3:33  Gateway  
    3:44  Nexus  
    3:46  Zealot (Chrono Boost)  
    4:12  Stargate  
    4:16  Stargate  
    4:19  Stargate, Zealot (Chrono Boost)  
    4:24  Robotics Facility  
    4:34  Pylon, Twilight Council  
    4:48  Zealot (Chrono Boost)  
    4:52  Zealot (Chrono Boost)  
    5:24  Zealot (Chrono Boost)  
    5:25  Zealot (Chrono Boost)  
    5:31  Fleet Beacon  
    5:34  Dark Shrine  
    5:38  Templar Archives  
    5:55  Nexus  
    5:57  Zealot (Chrono Boost)  
    5:58  Zealot (Chrono Boost)  
    6:15  Observer  
    6:25  Charge  
    6:30  Zealot (Chrono Boost)  
    6:31  Psionic Storm, Zealot (Chrono Boost)  
    6:45  Warp Prism  
    7:00  Zealot (Chrono Boost)  
    7:05  Warp Gate (Chrono Boost)  
    8:04  Void Ray x2 (Chrono Boost)  
    8:05  Void Ray (Chrono Boost)  
    8:38  Dark Templar x2  
    8:59  Void Ray x2 (Chrono Boost)  
    9:00  Void Ray (Chrono Boost)  
    9:51  Void Ray x2 (Chrono Boost)  
    9:52  Void Ray (Chrono Boost)  
    10:02  Gateway  
    10:04  Gateway  
    10:10  Gateway  
    10:39  Warp Prism  
    10:43  Void Ray x2 (Chrono Boost)  
    10:44  Void Ray (Chrono Boost)  
    11:29  Warp Prism  
    11:35  Void Ray x2 (Chrono Boost)  
    11:36  Void Ray (Chrono Boost)  
    13:37  Dark Templar  
    13:39  Dark Templar  
    13:41  Dark Templar  
Show
View Real Time Build Order
Export as new Build Order

Wikkij Terran - Winner!

Build Orders: Bio Tank 

Get SALT Encoding   

    0:00  SCV x6  
    0:06  SCV  
    0:07  SCV  
    0:08  SCV  
    0:15  SCV x2  
    0:16  SCV  
    0:19  Supply Depot  
    0:21  SCV  
    0:48  SCV  
    0:49  SCV  
    0:50  SCV  
    0:54  Barracks  
    0:57  Barracks  
    1:00  Barracks  
    1:14  SCV  
    1:15  SCV  
    1:20  Barracks  
    1:23  Barracks  
    1:25  SCV  
    1:29  SCV x2  
    1:30  SCV  
    1:31  SCV  
    1:32  Barracks, SCV  
    2:02  Refinery  
    2:04  Orbital Command  
    2:06  Marine  
    2:07  Marine x2  
    2:24  Barracks  
    2:28  Barracks  
    2:30  SCV  
    2:31  Marine, SCV  
    2:32  Marine x2, SCV  
    2:35  Marine  
    2:37  Marine  
    2:38  Marine  
    2:43  Refinery  
    2:49  SCV  
    2:50  SCV  
    3:02  Barracks  
    3:03  Barracks  
    3:04  Refinery x2  
    3:08  Barracks, Marine x2, Refinery  
    3:16  Marine x3  
    3:24  Barracks Tech Lab  
    3:33  Marine x2  
    3:34  Engineering Bay  
    3:36  Marine  
    3:37  Marine  
    3:40  Marine  
    3:41  Marine x2  
    3:58  Bunker, Marine  
    4:04  Marine  
    4:05  Marine x4  
    4:06  Marine x2  
    4:19  Terran Infantry Weapons Level 1  
    4:23  Marine  
    4:26  Factory  
    4:29  Marine  
    4:30  Marine x4  
    4:31  Marine  
    4:36  Barracks Reactor x2  
    4:37  Barracks Reactor x2  
    4:47  Marine  
    4:52  Stimpack  
    4:54  Marine  
    4:55  Marine x4  
    4:56  Marine  
    5:26  Bunker  
    5:32  Barracks Reactor x6  
    5:34  Marine  
    5:35  Marine x8  
    5:59  Marine  
    6:00  Marine x5  
    6:02  Armory  
    6:04  Factory Reactor  
    6:08  Starport  
    6:11  Starport  
    6:14  SCV  
    6:24  Marine x3  
    6:25  Marine x11  
    6:28  Marine  
    6:43  Missile Turret  
    7:14  Missile Turret  
    7:21  Starport Reactor  
    7:30  Terran Infantry Weapons Level 2  
    7:32  Terran Ship Weapons Level 1  
    7:36  Factory Tech Lab  
    7:38  Medivac x2  
    7:39  Marine  
    7:40  Marine x14  
    7:41  Marine x3  
    7:59  Combat Shields  
    8:00  Marine  
    8:01  Marine x2  
    8:02  Factory  
    8:04  Factory, Marine  
    8:05  Marine x6  
    8:26  Medivac x3  
    8:27  Medivac  
    8:32  Siege Tank  
    8:54  Marine  
    8:55  Marine x4  
    8:56  Marine x16  
    9:02  Factory Tech Lab  
    9:05  Factory Tech Lab  
    9:17  Siege Tank  
    9:28  Siege Tank  
    9:34  Marine  
    9:35  Marine x7  
    10:01  Siege Tank  
    10:12  Siege Tank, Terran Vehicle Weapons Level 1  
    10:22  Siege Tank  
    10:30  Marine  
    10:31  Marine x3  
    10:32  Marine x12  
    10:34  Marine  
    10:46  Siege Tank  
    10:57  Siege Tank  
    11:06  Siege Tank  
    11:09  Medivac x4  
    11:31  Siege Tank  
    11:42  Siege Tank  
    11:51  Medivac x4, Siege Tank  
    12:16  Siege Tank  
    12:27  Siege Tank  
    12:32  Medivac  
    12:33  Medivac x3  
    12:36  Siege Tank  
    13:01  Siege Tank  
    13:05  Siege Tank x3  
    13:12  Siege Tank  
    13:14  Medivac  
    13:18  Siege Tank  
    13:19  Marine  
    13:20  Marine x8, Siege Tank  
    13:21  Marine x12, Siege Tank  
    13:44  Marine  
    13:45  Marine x5  
    13:46  Marine x4  
    13:47  Marine x10  
    13:48  Marine  
    14:09  Marine  
    14:10  Marine x5  
    14:11  Marine x4  
    14:12  Marine x11  
    14:34  Barracks, Marine, Siege Tank x14  
    14:35  Marine x5  
    14:36  Barracks, Marine x4  
    14:37  Marine x11  
    14:38  Barracks  
    14:40  Barracks  
    14:59  Marine  
    15:41  Siege Tank  
    15:43  Siege Tank  
    15:45  Ghost Academy  
    15:46  Ghost Academy  
    15:50  Ghost Academy  
    15:51  Siege Tank x10  
    15:53  Ghost Academy  
    16:07  Marine  
    16:08  Marine x10  
    16:09  Marine x10  
    16:13  Siege Tank x3  
    16:20  Siege Tank x7  
    16:21  Siege Tank x5  
    16:29  Ghost Academy x2  
    16:32  Marine  
    16:33  Marine x11  
    16:34  Marine x9  
    16:36  Ghost Academy  
    16:39  Ghost Academy  
    16:57  Marine  
    16:58  Marine x12, Siege Tank x3  
    16:59  Marine x8  
    17:18  Siege Tank x2  
    17:19  Siege Tank x9  
    17:22  Marine  
    17:23  Marine x12  
    17:24  Marine x8  
    17:30  Medivac  
    17:31  Medivac x3  
    17:37  Barracks Tech Lab x3  
    17:40  Personal Cloaking  
    17:43  Siege Tank x3  
    17:47  Marine  
    17:48  Marine x13  
    17:49  Marine x7  
    18:12  Marine, Medivac  
    18:13  Marine x9, Medivac x3  
    18:27  Siege Tank  
    18:28  Siege Tank x2  
    18:41  Unknown x4  
    18:42  Unknown  
    18:47  Unknown x2  
    18:49  Ghost  
    18:50  Ghost x2  
    18:54  Medivac  
    18:55  Medivac x3  
    19:12  Siege Tank  
    19:13  Siege Tank x2  
Show
View Real Time Build Order
Export as new Build Order

RICCO Protoss 

Build Orders:  

Get SALT Encoding   

    1:21  Probe (Chrono Boost)  
    1:22  Probe (Chrono Boost)  
    1:23  Probe (Chrono Boost)  
    1:24  Probe (Chrono Boost)  
    1:25  Probe x2 (Chrono Boost)  
    1:26  Probe (Chrono Boost)  
    1:27  Probe (Chrono Boost)  
    1:28  Probe (Chrono Boost)  
    1:29  Probe x2 (Chrono Boost)  
    1:30  Probe (Chrono Boost)  
    1:31  Probe (Chrono Boost)  
    1:35  Probe (Chrono Boost)  
    1:36  Probe (Chrono Boost)  
    1:37  Probe (Chrono Boost)  
    1:38  Probe x2 (Chrono Boost)  
    1:39  Probe (Chrono Boost)  
    1:40  Probe (Chrono Boost)  
    2:14  Probe (Chrono Boost)  
    2:15  Probe (Chrono Boost)  
    2:16  Probe x2 (Chrono Boost)  
    2:17  Probe (Chrono Boost)  
    2:18  Probe (Chrono Boost)  
    2:31  Assimilator  
    2:32  Assimilator  
    2:34  Assimilator  
    2:36  Assimilator  
    2:37  Assimilator  
    2:38  Assimilator  
  23  3:40  Probe x2 (Chrono Boost)  
    3:42  Probe (Chrono Boost)  
    3:43  Probe (Chrono Boost)  
    3:44  Probe (Chrono Boost)  
    3:45  Probe (Chrono Boost)  
    3:46  Probe (Chrono Boost)  
    3:47  Probe (Chrono Boost)  
    3:48  Probe (Chrono Boost)  
    3:49  Probe (Chrono Boost)  
    3:51  Probe x2 (Chrono Boost)  
    3:53  Probe x2 (Chrono Boost)  
    3:54  Probe (Chrono Boost)  
    3:55  Probe (Chrono Boost)  
    3:56  Probe (Chrono Boost)  
    3:57  Probe x2 (Chrono Boost)  
    8:03  Probe (Chrono Boost)  
    8:04  Probe (Chrono Boost)  
    8:05  Probe (Chrono Boost)  
    8:06  Probe x2 (Chrono Boost)  
    8:07  Probe (Chrono Boost)  
    8:08  Probe (Chrono Boost)  
    8:09  Probe (Chrono Boost)  
Show
View Real Time Build Order
Export as new Build Order

sirjohn Terran 

Build Orders: Bio Tank 

Get SALT Encoding   

    0:00  SCV x11  
    0:01  SCV  
    0:02  SCV  
    0:03  SCV  
    0:04  SCV  
    0:05  SCV  
    0:06  SCV  
    0:24  SCV  
    0:25  SCV  
    0:26  SCV x2  
    0:27  SCV  
    0:28  SCV  
    0:32  SCV  
    0:33  SCV  
    0:38  Supply Depot  
    0:56  SCV  
    0:57  SCV  
    0:58  SCV  
    0:59  SCV  
    1:00  SCV  
    1:01  Barracks, SCV  
    1:02  Barracks  
    1:03  Barracks  
    1:05  Barracks  
    1:07  Barracks  
    1:08  Barracks  
    1:10  Barracks, SCV  
    1:11  SCV  
    1:12  SCV  
    1:13  Barracks, SCV  
    1:14  SCV  
    1:15  SCV  
    1:16  SCV  
    1:36  SCV  
    1:39  SCV  
    1:40  SCV  
    1:41  SCV  
    1:42  SCV  
    1:43  SCV  
    1:44  SCV  
    2:03  Refinery x2  
    2:05  Refinery  
    2:06  Refinery  
    2:07  Refinery  
    2:08  SCV  
    2:09  Refinery, SCV  
    2:10  SCV  
    2:11  Marine x2, SCV  
    2:12  Marine x2, SCV  
    2:13  SCV x2  
    2:14  Marine x2  
    2:16  Marine  
    2:18  Marine  
    2:38  SCV x2  
    2:41  SCV  
    2:42  SCV  
    2:43  SCV  
    2:44  SCV  
    2:46  SCV x2  
    2:48  SCV  
    2:49  Marine x2, SCV  
  18  2:50  Marine x4  
    2:51  Marine x2  
    2:52  SCV  
    2:53  SCV  
    2:54  SCV  
    2:57  SCV  
    2:58  SCV  
    3:04  SCV x2  
    3:05  SCV  
    3:06  SCV  
    3:07  SCV  
    3:08  SCV  
    3:09  SCV  
    3:10  SCV  
    3:15  Barracks Reactor x4  
    3:16  Barracks Reactor x3  
    3:43  Barracks  
    3:44  Barracks x2  
    3:45  Factory, Barracks  
    3:47  Factory  
    3:49  Factory, Orbital Command  
    3:50  Factory  
    4:26  Barracks Reactor  
    4:28  Marine x4  
    4:29  Marine x2  
    4:30  Marine x2  
    4:31  Marine x2  
    4:32  Marine x3  
    4:33  Marine  
    4:55  Factory Tech Lab  
    4:56  Engineering Bay, Factory Tech Lab x3  
    4:58  Engineering Bay  
    5:00  Armory  
    5:01  Armory  
    5:04  Starport x2  
    5:06  Starport  
    5:07  Starport  
    5:12  Barracks Tech Lab x2  
    5:13  Barracks Tech Lab x2  
    5:14  Marine x2  
    5:15  Marine x4  
    5:16  Marine x2  
    5:17  Marine x2  
    5:18  Marine x4  
    5:19  Marine x2  
    5:24  Siege Tank x2  
    5:25  Siege Tank x2  
    5:44  Marine x2  
    5:45  Marine x5  
    5:46  Marine x4  
    5:47  Marine x4  
    5:48  Marine  
    5:49  Marauder x2  
    5:50  Marauder  
    6:00  Combat Shields, Stimpack  
    6:01  Concussive Shells  
    6:03  Starport Reactor x3  
    6:04  Starport Reactor  
    6:09  Siege Tank x2  
    6:10  Siege Tank x2  
    6:35  Terran Infantry Armor Level 1, Terran Infantry Weapons Level 1  
    6:37  Terran Vehicle And Ship Armor Level 1  
    6:43  Terran Vehicle Weapons Level 1  
    6:49  Marine  
    6:50  Marine x5  
    6:51  Marine x5  
    6:52  Marine x4  
    6:53  Marine, Marauder x2  
    6:54  Marauder x2  
    6:58  Siege Tank x3  
    6:59  Siege Tank  
    7:01  Medivac x2  
    7:02  Medivac x4  
    7:03  Medivac x2  
    7:23  Marauder x2  
    7:24  Marauder x2  
    7:57  Marine x2  
    7:58  Marine x6  
    7:59  Marine x6  
    8:00  Marine x2  
    8:04  Marauder x3  
    8:05  Marauder  
    8:16  Siege Tank  
    8:17  Siege Tank  
    8:22  Marine x2  
    8:23  Marine x6  
    8:24  Marine x5  
    8:32  Siege Tank  
    8:35  Marine x5  
    8:36  Marine x2, Siege Tank  
    8:41  Medivac x3  
    8:42  Medivac x2  
    8:43  Medivac x3  
    8:47  Marine x3, Siege Tank  
    8:48  Marine x6, Siege Tank x3  
    8:49  Marine x4  
    9:00  Marine x3  
    9:32  Siege Tank  
    9:33  Siege Tank x3  
    9:38  Siege Tank x3  
    9:39  Siege Tank  
    9:45  Marine x2  
    9:46  Marine x4  
    9:47  Marine x2  
    9:50  Terran Vehicle Weapons Level 2, Terran Vehicle And Ship Armor Level 2  
    9:52  Terran Infantry Weapons Level 2  
    10:35  Marauder x4  
    10:38  Marine x4  
    10:39  Marine x4  
  65  10:40  Marine x8  
    10:45  Siege Tank  
    10:46  Siege Tank x3  
    10:49  Viking x3  
    10:50  Viking x5  
    11:03  Marine x5  
    11:04  Marine x4  
    11:05  Marine x7, Marauder x4  
    11:09  Barracks  
    11:11  Barracks  
    11:12  Barracks x2  
    11:13  Barracks x2  
    11:16  Barracks  
    11:17  Barracks  
    11:18  Barracks  
    11:28  Marine x5  
    11:29  Marine x5  
    11:30  Marine x2, Siege Tank  
    11:31  Siege Tank x3  
    11:38  Marine  
    11:39  Marine x4  
  71  11:40  Marine x2  
    11:41  Viking x2  
    11:42  Viking x3  
    11:43  Viking x3  
    12:24  Marine x4  
    12:25  Marine x10  
    12:26  Marine x6  
    12:27  Viking  
    12:28  Viking x4  
    12:29  Viking x3  
    12:42  Barracks Reactor x2  
    12:43  Barracks Reactor x2  
    12:44  Barracks Reactor  
    12:49  Marine x5  
  78  12:50  Marine x10  
    12:51  Marine x4  
    13:02  Terran Infantry Armor Level 2  
    13:11  Marine  
    13:14  Marine x6  
    13:15  Marine x10  
    13:16  Marine x3  
    13:36  Marine  
    13:39  Marine x6  
  83  13:40  Marine x10  
    13:41  Marine x3  
    13:52  Viking  
    13:53  Viking x5  
    13:54  Viking x2  
    13:59  Marine  
    14:01  Marine  
    14:02  Marine x9  
    14:04  Marine x7  
    14:05  Marine x10  
    14:06  Marine x2  
    14:17  Command Center  
    14:24  Marine  
    14:25  Marine  
    14:27  Marine x9  
    14:29  Marine x7  
    14:30  Marine x11  
    14:31  Marine  
    14:34  Viking x2  
    14:35  Viking x4  
    14:36  Viking x2  
    14:49  Marine  
    14:50  Marine  
    14:51  Marine  
    14:52  Marine x8  
    14:54  Marine x7  
    14:55  Marine x2  
    15:11  Thor x3  
    15:12  Thor  
    15:16  Viking x2  
    15:17  Viking x5  
    15:18  Viking  
    15:26  Marine x5  
    15:27  Marine x8  
    15:28  Marine x7  
    15:29  Marine x2  
    15:30  Marine  
    15:35  Marine  
    15:51  Marine x5  
    15:58  Viking x3  
    15:59  Viking  
    16:11  Thor  
    16:19  Marine x10  
    16:20  Marine x6, SCV  
    16:21  SCV  
    16:22  SCV  
    16:23  SCV  
    16:24  SCV  
    16:25  SCV  
    16:27  Thor  
    16:28  Thor  
  12  16:43  Marine  
  12  16:44  Marine x2  
  12  17:06  Marine x2  
  12  17:07  Marine x5  
  12  17:08  Marine x2  
  12  17:09  Marine  
  12  17:32  Marine, Unknown x2  
  12  17:33  Unknown x2  
  12  17:34  Marine  
  9  17:57  SCV  
  9  17:58  SCV  
  9  17:59  SCV  
  9  18:00  SCV  
  9  18:01  SCV  
  9  18:02  SCV  
  9  18:03  SCV  
  9  18:08  SCV  
  9  18:09  SCV  
  9  18:10  SCV  
  9  18:11  SCV  
  9  18:12  SCV  
  9  18:13  SCV  
  3  18:20  Supply Depot  
  3  18:24  SCV  
  3  18:25  SCV  
  3  18:26  SCV  
  3  18:27  SCV  
  3  18:28  SCV  
  3  18:29  SCV  
    18:33  Barracks  
    18:34  Barracks x3  
    18:35  Barracks  
    18:37  Barracks x2  
    18:39  Barracks  
    18:40  Barracks  
    18:44  SCV x2  
    18:45  SCV  
    18:46  SCV  
    18:47  SCV  
    18:48  SCV  
    18:52  Barracks  
    18:54  Barracks  
    18:55  Barracks x2  
    18:56  Barracks  
    18:57  Barracks  
    18:58  Barracks  
    19:02  Barracks x2  
    19:04  Barracks  
Show
View Real Time Build Order
Export as new Build Order

Wolf Protoss 

Build Orders:  

Get SALT Encoding   

  6  0:00  Probe x15 (Chrono Boost)  
    0:01  Probe (Chrono Boost)  
    0:03  Probe (Chrono Boost)  
    0:07  Probe x2 (Chrono Boost)  
    0:08  Probe (Chrono Boost)  
    0:12  Probe (Chrono Boost)  
    0:13  Probe (Chrono Boost)  
    0:14  Probe x2 (Chrono Boost)  
    0:15  Probe (Chrono Boost)  
    0:16  Probe (Chrono Boost)  
    0:17  Probe (Chrono Boost)  
    0:18  Probe (Chrono Boost)  
    0:21  Probe (Chrono Boost)  
    0:22  Probe (Chrono Boost)  
    0:23  Probe (Chrono Boost)  
    0:25  Probe (Chrono Boost)  
    0:26  Probe x2 (Chrono Boost)  
    0:28  Probe (Chrono Boost)  
    0:29  Probe (Chrono Boost)  
  4  0:30  Probe (Chrono Boost)  
    0:31  Probe x2 (Chrono Boost)  
    0:32  Probe (Chrono Boost)  
    0:33  Probe (Chrono Boost)  
    0:35  Probe (Chrono Boost)  
    0:36  Probe (Chrono Boost)  
    0:38  Probe x2 (Chrono Boost)  
    0:39  Probe (Chrono Boost)  
    0:40  Probe (Chrono Boost)  
    0:41  Probe (Chrono Boost)  
    0:42  Probe (Chrono Boost)  
    0:43  Probe (Chrono Boost)  
    0:44  Probe (Chrono Boost)  
    1:16  Assimilator  
    1:18  Assimilator  
    1:26  Assimilator  
    1:29  Probe (Chrono Boost)  
    1:31  Probe (Chrono Boost)  
    1:32  Assimilator, Probe (Chrono Boost)  
    1:37  Assimilator  
    1:40  Assimilator  
    1:43  Probe (Chrono Boost)  
    1:45  Probe (Chrono Boost)  
    1:48  Probe (Chrono Boost)  
    1:50  Probe (Chrono Boost)  
    1:54  Probe (Chrono Boost)  
    1:55  Probe (Chrono Boost)  
    1:56  Probe (Chrono Boost)  
    1:59  Probe x2 (Chrono Boost)  
    2:00  Probe (Chrono Boost)  
    2:03  Probe (Chrono Boost)  
    2:04  Probe (Chrono Boost)  
    2:07  Probe (Chrono Boost)  
    2:08  Probe (Chrono Boost)  
    2:13  Probe x2 (Chrono Boost)  
    2:14  Probe (Chrono Boost)  
    2:15  Probe (Chrono Boost)  
    2:52  Pylon  
    2:58  Pylon  
    3:01  Pylon  
    3:08  Pylon  
    3:14  Pylon  
    3:42  Pylon  
    3:50  Pylon  
    3:54  Pylon  
    4:21  Pylon  
    4:30  Pylon  
    4:34  Pylon  
    4:35  Forge  
    4:44  Gateway  
    4:47  Gateway  
    4:52  Gateway  
    4:54  Gateway  
    4:56  Gateway  
    4:58  Gateway  
    5:08  Gateway  
    5:10  Gateway  
    5:13  Gateway  
    5:17  Gateway  
    5:18  Gateway  
    5:21  Gateway  
    5:24  Gateway  
    5:26  Gateway  
    5:28  Gateway  
    5:33  Gateway  
    5:36  Gateway  
    5:38  Gateway  
    5:56  Photon Cannon x2  
    5:58  Photon Cannon x2  
    6:06  Photon Cannon  
    6:07  Photon Cannon  
    6:08  Photon Cannon  
    6:14  Photon Cannon x2  
    6:17  Photon Cannon x2  
    6:20  Photon Cannon  
    6:22  Photon Cannon  
    6:25  Photon Cannon  
    6:27  Photon Cannon  
    6:38  Cybernetics Core  
    7:09  Gateway  
    7:14  Gateway  
    7:15  Gateway  
    7:16  Gateway  
    7:18  Gateway  
    7:23  Gateway  
    7:45  Photon Cannon  
    7:47  Photon Cannon  
    8:02  Photon Cannon x2  
    8:24  Photon Cannon x2  
    8:27  Photon Cannon  
    8:30  Photon Cannon  
    8:32  Photon Cannon  
    8:34  Photon Cannon  
    8:36  Photon Cannon  
    8:39  Photon Cannon  
    8:41  Photon Cannon  
    8:45  Twilight Council  
    9:57  Stalker  
    10:00  Stalker x3  
    10:01  Stalker x4  
    10:02  Stalker x3  
    10:03  Stalker x4  
    10:04  Stalker x3  
    10:05  Stalker x3  
    10:30  Photon Cannon  
    11:54  Zealot x2  
    11:55  Zealot x3  
    11:56  Zealot x2  
    12:32  Zealot  
    12:33  Zealot  
  77  12:34  Zealot x2  
Show
View Real Time Build Order
Export as new Build Order

Gracz Protoss - Winner!

Build Orders:  

Get SALT Encoding   

    0:00  Probe (Chrono Boost)  
    0:06  Probe (Chrono Boost)  
    0:07  Probe (Chrono Boost)  
    0:08  Probe (Chrono Boost)  
    0:09  Probe (Chrono Boost)  
  2  0:10  Probe x2 (Chrono Boost)  
    0:11  Probe (Chrono Boost)  
    0:12  Probe (Chrono Boost)  
    0:13  Probe (Chrono Boost)  
    0:21  Probe (Chrono Boost)  
    0:27  Probe (Chrono Boost)  
    0:29  Probe (Chrono Boost)  
    0:31  Probe x2 (Chrono Boost)  
    0:33  Assimilator, Probe (Chrono Boost)  
    0:43  Probe (Chrono Boost)  
    0:44  Probe (Chrono Boost)  
    0:45  Probe x2 (Chrono Boost)  
    0:46  Probe (Chrono Boost)  
    1:01  Probe (Chrono Boost)  
    1:02  Probe (Chrono Boost)  
    1:04  Assimilator  
    1:05  Probe (Chrono Boost)  
    1:06  Probe (Chrono Boost)  
    1:08  Probe (Chrono Boost)  
    1:09  Assimilator, Probe (Chrono Boost)  
    1:10  Probe (Chrono Boost)  
    1:12  Probe (Chrono Boost)  
    1:15  Assimilator  
    1:20  Assimilator  
    1:23  Assimilator  
    1:32  Probe (Chrono Boost)  
    1:33  Probe (Chrono Boost)  
    1:34  Probe (Chrono Boost)  
    1:35  Probe (Chrono Boost)  
    1:36  Probe (Chrono Boost)  
    1:37  Probe (Chrono Boost)  
    1:56  Probe (Chrono Boost)  
    1:57  Probe x2 (Chrono Boost)  
    1:58  Probe (Chrono Boost)  
    1:59  Probe (Chrono Boost)  
    2:00  Probe (Chrono Boost)  
    2:01  Probe x2 (Chrono Boost)  
    2:13  Probe (Chrono Boost)  
    2:14  Probe (Chrono Boost)  
    2:15  Probe (Chrono Boost)  
    2:36  Pylon  
    2:43  Pylon  
    2:48  Pylon  
    2:54  Pylon  
    2:58  Pylon  
    3:03  Pylon  
    3:07  Pylon, Probe x2 (Chrono Boost)  
    3:08  Probe (Chrono Boost)  
    3:09  Probe (Chrono Boost)  
    3:12  Pylon  
    3:22  Pylon  
    3:26  Pylon  
    3:34  Pylon  
    3:41  Pylon  
    3:45  Probe x2 (Chrono Boost)  
    3:46  Probe (Chrono Boost)  
    3:47  Probe (Chrono Boost)  
    3:48  Probe (Chrono Boost)  
    3:52  Pylon  
    3:55  Pylon  
    4:00  Pylon  
    4:06  Pylon  
    4:17  Gateway  
    4:19  Gateway  
    4:20  Gateway  
    4:21  Gateway  
    4:26  Gateway  
    4:31  Gateway  
    4:33  Gateway  
    4:42  Gateway  
    4:44  Gateway  
    4:47  Gateway  
    4:56  Forge  
    5:02  Pylon  
    5:07  Pylon  
    5:11  Pylon  
    5:17  Pylon  
    5:20  Probe (Chrono Boost)  
    5:21  Probe (Chrono Boost)  
    5:22  Probe (Chrono Boost)  
    5:23  Probe (Chrono Boost)  
    5:24  Probe (Chrono Boost)  
    5:28  Probe (Chrono Boost)  
    5:29  Probe (Chrono Boost)  
    5:33  Cybernetics Core  
    6:23  Warp Gate (Chrono Boost)  
    6:27  Mothership Core  
    6:37  Stargate  
    6:39  Stargate  
    6:40  Stargate x2  
    6:44  Stargate  
    6:48  Stargate  
    6:50  Stargate  
    6:53  Stargate  
    6:54  Stargate  
    6:58  Stargate  
    7:05  Stargate  
    7:11  Stargate  
    7:15  Stargate  
    7:17  Stargate  
    7:19  Stargate  
    7:23  Stargate  
    7:26  Stargate  
    7:49  Twilight Council  
    7:54  Void Ray x5  
    7:55  Void Ray  
    7:56  Void Ray  
    7:57  Void Ray x2  
    8:00  Void Ray  
    8:15  Robotics Facility  
    8:20  Robotics Facility  
    8:26  Robotics Facility  
    8:30  Fleet Beacon  
    8:54  Void Ray  
    9:28  Pylon  
    9:39  Oracle  
    9:40  Pylon  
    9:41  Void Ray x2  
    9:42  Void Ray x6  
    9:43  Void Ray x6  
    9:44  Void Ray  
    9:45  Pylon  
    9:54  Pylon, Void Ray  
    9:58  Pylon  
    10:02  Pylon  
    10:29  Void Ray  
    10:41  Void Ray x3  
    10:42  Void Ray x5  
    10:43  Void Ray x3  
    10:50  Pylon  
    11:03  Observer, Warp Prism  
    11:04  Immortal  
    11:05  Pylon  
    11:06  Probe  
    11:07  Probe  
    11:08  Probe  
    11:09  Probe  
    11:10  Probe  
    11:11  Probe  
    11:12  Probe  
    11:19  Pylon  
    11:24  Pylon  
    11:33  Immortal  
    11:53  Immortal  
    11:59  Immortal  
    13:01  Void Ray x6  
    13:02  Void Ray x6  
    13:03  Tempest x4  
    14:41  Tempest x3  
    14:42  Tempest x5  
    14:43  Tempest x2, Void Ray x2  
    14:44  Void Ray x5  
    15:41  Void Ray x4  
    15:42  Void Ray x5  
    15:43  Void Ray x4  
    15:44  Oracle, Void Ray x3  
    15:49  Mothership Core  
    15:54  Stalker x4  
    15:55  Stalker  
    16:01  Stalker  
    16:02  Stalker  
    16:03  Stalker  
    16:08  Stalker  
    16:09  Stalker  
    16:34  Void Ray  
    16:41  Void Ray x4  
    16:42  Void Ray x4  
Show
View Real Time Build Order
Export as new Build Order

dewd Zerg 

Build Orders: Pool First 

Get SALT Encoding   

    1:29  Drone x2  
    1:30  Drone  
    2:27  Drone x2  
    2:28  Drone  
    3:55  Drone x3  
    4:04  Drone x3  
    4:28  Spawning Pool  
    5:54  Zergling x6  
    6:01  Drone x2  
    6:02  Drone  
    6:16  Queen  
    6:33  Hatchery  
    6:34  Hatchery  
    7:13  Zergling x2  
    7:14  Zergling x4  
    7:18  Zergling x4  
    8:08  Drone x6  
    8:28  Spawning Pool  
    8:31  Spawning Pool  
    12:39  Drone x5  
  77  12:40  Drone  
    12:45  Drone x3  
    12:46  Drone x2  
    14:06  Drone x2  
    14:07  Drone x4  
    14:32  Baneling Nest  
    14:42  Drone x4  
    14:43  Drone x2  
    16:49  Hatchery  
    16:52  Zergling x10  
    16:53  Zergling x2  
    16:54  Hatchery  
    17:00  Hatchery  
    17:02  Roach Warren  
    17:18  Zergling x6  
    17:19  Zergling x6  
    17:27  Queen  
    17:28  Queen  
    17:31  Metabolic Boost  
    17:34  Zergling x2  
    17:35  Zergling x8  
    17:36  Zergling x2  
    17:42  Zergling x6  
    17:43  Zergling x6  
    17:54  Drone x4  
    17:55  Drone x2  
    19:08  Roach x4  
    19:09  Roach x5  
    19:10  Roach x3  
    19:13  Roach  
    19:14  Roach x5  
    19:15  Roach  
    19:18  Roach x4  
    19:19  Roach x5  
    19:22  Zergling x4  
    19:23  Zergling x8  
    19:24  Zergling x2  
    19:28  Zergling x6  
    19:29  Zergling x10  
    19:30  Zergling x8  
    19:32  Zergling x6  
    19:33  Zergling x2  
    19:35  Drone x2  
    19:36  Zergling x10, Drone x4  
    19:37  Zergling x6, Drone x3  
    19:40  Zergling x2  
    19:41  Zergling x8  
    19:42  Zergling x6  
Tags
 
Add a new tag
Caveats
  • Supply blocks, unpowered buildings, or Contaminate may cause inaccurate times.
  • Supply counts are checked every 10 seconds.